Mechanized Support Center
Selects Advanced Infantry Battlegroup
Selects Convert to Ranger Squad
Construct Medical Station
Construct Weapon Support Center
Selects Artillery Observers
Selects Frontline Medical Station
Selects Ranger Weapon Training
Selects M2A1 105mm Howitzer Emplacement
M4A1(76) Sherman Medium Tank
Designate Forward Repair Station
M4A1(76) Sherman Medium Tank
Improved M9 Bazooka Rockets
M4A1(76) Sherman Medium Tank